 Dungeon Crawl Stone Soup version 0.28.0-53-g5a82cb258f (webtiles) character file.

Game seed: 653544048118401911

275 quokkamancerX the Sneak (level 6, -2/32 HPs)
             Began as a Kobold Earth Elementalist on June 16, 2022.
             Slain by a scorpion (8 damage)
             ... on level 4 of the Dungeon.
             The game lasted 00:14:55 (5514 turns).

quokkamancerX the Sneak (Kobold Earth Elementalist) Turns: 5514, Time: 00:14:55

Health: -2/32      AC:  3    Str:  6    XL:     6   Next: 50%
Magic:  1/12       EV: 15    Int: 18    God:
Gold:   202        SH:  0    Dex: 15    Spells: 10/13 levels left

rFire   . . .      SeeInvis .   f - +0 dagger
rCold   . . .      Faith    .   (no shield)
rNeg    . . .      Spirit   .   b - +0 robe
rPois   .          Reflect  .   (no helmet)
rElec   .          Harm     .   l - +0 cloak
rCorr   .          Rampage  .   (no gloves)
Will    +....                   (no boots)
Stlth   +++++.....              (no amulet)
HPRegen 0.10/turn               e - ring of flight
MPRegen 0.13/turn               g - ring of willpower

@: lethally poisoned (-2 -> -4), flying
A: small, no large weapons, nightstalker 3
a: no special abilities


You were on level 4 of the Dungeon.
You visited 1 branch of the dungeon, and saw 4 of its levels.

You collected 202 gold pieces.

Inventory:

Hand Weapons
 f - a +0 dagger (weapon)
Missiles
 c - 90 stones
 i - 4 poisoned darts
Armour
 b - a +0 robe (worn)
 l - a +0 cloak (worn)
Jewellery
 e - a ring of flight (left hand)
 g - a ring of willpower (right hand)
Wands
 j - a wand of polymorph (15)
Scrolls
 a - a scroll of identify {unknown}
 h - a scroll of teleportation {unknown}
 m - a scroll of fear {unknown}
 n - a scroll of amnesia {unknown}
Potions
 d - 2 potions of heal wounds


   Skills:
 - Level 2.4 Dodging
 + Level 7.7 Stealth
 - Level 4.0 Spellcasting
 - Level 1.0 Transmutations
 - Level 3.0 Earth Magic


You had 10 spell levels left.
You knew the following spells:

 Your Spells              Type           Power      Damage    Failure   Level
a - Sandblast             Erth           28%        2d8       4%          1
c - Passwall              Tmut/Erth      8%         N/A       10%         2

Your spell library contained the following spells:

 Spells                   Type           Power      Damage    Failure   Level
 Stone Arrow              Conj/Erth      18%        3d8       24%         3
 Gell's Gravitas          Tloc           3%         N/A       41%         3
 Lesser Beckoning         Tloc           3%         N/A       41%         3
 Teleport Other           Tloc           3%         N/A       41%         3
 Petrify                  Tmut/Erth      10%        N/A       54%         4


Dungeon Overview and Level Annotations

Branches:
Dungeon (4/15)
 Temple: D:4-7

Altars:
Elyvilon
Sif Muna


Innate Abilities, Weirdness & Mutations

You are small and have problems with some larger weapons.
You are completely attuned to the shadows.


Message History

The scorpion is severely wounded.
* * * LOW HITPOINT WARNING * * *
You feel very sick.
The scorpion stings you but does no damage.
It was a potion of heal wounds.
You feel much better.
You feel sick. The scorpion completely misses you.
The scorpion barely misses you.
Casting: Sandblast (safe; 4% risk of failure)
Confirm with . or Enter, or press ? or * to list all spells.
Aiming: Sandblast (safe; 4% risk of failure)
Press: ? - help, Shift-Dir - straight line, f/p - scorpion
Aim: a scorpion (severely wounded, 79% to hit)
The blast of sand misses the scorpion.
The blast of sand misses the orc wizard.
You feel sick. The scorpion stings you.
Casting: Sandblast (safe; 4% risk of failure)
Confirm with . or Enter, or press ? or * to list all spells.
Aiming: Sandblast (safe; 4% risk of failure)
Press: ? - help, Shift-Dir - straight line, f/p - scorpion
Aim: a scorpion (severely wounded, 79% to hit)
The blast of sand hits the scorpion but does no damage.
The scorpion is severely wounded.
You feel sick. The scorpion stings you.
Your magical contamination has completely faded away.
Casting: Sandblast (safe; 4% risk of failure)
Confirm with . or Enter, or press ? or * to list all spells.
Aiming: Sandblast (safe; 4% risk of failure)
Press: ? - help, Shift-Dir - straight line, f/p - scorpion
Aim: a scorpion (severely wounded, 79% to hit)
The blast of sand hits the scorpion but does no damage.
The scorpion is severely wounded.
You feel sick. The scorpion misses you.
Casting: Sandblast (safe; 4% risk of failure)
Confirm with . or Enter, or press ? or * to list all spells.
You don't have enough magic to cast this spell.
Unknown command.
It was a potion of cancellation.
You feel magically purged.
You feel sick. The scorpion stings you.
* * * LOW HITPOINT WARNING * * *
You feel sick. The scorpion stings you!
You die...

######### #.......#######
#....)........# ..
#.............##.#.#
##.............##.#.##
#......#.....@so.....
.......#.....###o..#
.............# ##..##......#
.............## ##..#....#.#
..............##....#.....>#
.####...#.#....#...##..#...#
#####.##......###....#####
######....##..###........<#
.
#.........######...########


You could see a scorpion, an orc wizard and an orc.

Vanquished Creatures
  A centaur (D:4)
  A water moccasin zombie (D:3)
  Crazy Yiuf (D:3)
  4 adders
  A worm (D:2)
  A dart slug (D:3)
  3 orcs
  7 ball pythons
  4 bats
  6 endoplasms
  3 giant cockroaches
  5 goblins
  6 hobgoblins
  4 jackals (D:2)
  3 quokkas
  4 frilled lizards
  7 kobolds
  4 rats
65 creatures vanquished.

Notes
Turn   | Place    | Note
-------+----------+-------------------------------------------
     0 | D:1      | quokkamancerX the Kobold Earth Elementalist began the quest
                  | for the Orb.
     0 | D:1      | Reached XP level 1. HP: 10/10 MP: 3/3
    83 | D:1      | Reached skill level 3 in Stealth
   454 | D:1      | Reached XP level 2. HP: 15/15 MP: 0/5
   916 | D:1      | Reached XP level 3. HP: 19/19 MP: 7/7
  1170 | D:1      | Reached skill level 4 in Stealth
  1361 | D:2      | Learned a level 2 spell: Passwall
  1774 | D:2      | Reached XP level 4. HP: 24/24 MP: 8/8
  3445 | D:3      | Reached skill level 5 in Stealth
  3445 | D:3      | Reached XP level 5. HP: 28/28 MP: 5/11
  3737 | D:3      | Found a shimmering blue altar of Sif Muna.
  3770 | D:3      | Found a runed translucent door.
  3773 | D:3      | Noticed Crazy Yiuf
  4161 | D:3      | Reached skill level 6 in Stealth
  4443 | D:3      | HP: 1/28 [Crazy Yiuf/+2 quarterstaff of chaos (9)]
  4444 | D:3      | Killed Crazy Yiuf
  4987 | D:4      | Found a white marble altar of Elyvilon.
  4991 | D:4      | Reached XP level 6. HP: 32/32 MP: 12/12
  5105 | D:4      | Reached skill level 7 in Stealth
  5508 | D:4      | HP: 1/32 [poisoned by a scorpion]
  5514 | D:4      | Slain by a scorpion

Illustrated notes

Levels and vault maps discovered:
D:1:      shiori_arrival_oz, layout_rooms, minmay_strange_pillars,
          minmay_misc_feat_tower, minmay_misc_feat_tiny
D:2:      layout_loops_corners, minmay_misc_feat_rugged
D:3:      layout_basic, nicolae_sif_muna_condensation, columned_hall_lemuel,
          nicolae_elevator_lobby_asterisk, uniq_crazy_yiuf_cottage
D:4:      layout_basic, nicolae_elyvilon_temple_path, hangedman_decor_opposing,
          minmay_cupped, uniq_duvessa

Skill      XL: |  1  2  3  4  5  6 |
---------------+-------------------+-----
Stealth        | 3 4 5 6 7 |  7.7
Spellcasting   | 3 4 |  4.0
Dodging        | |  2.4
Transmutations | |  1.0
Earth Magic    | |  3.0

Action                   |  1- 3 |  4- 6 || total
-------------------------+-------+-------++-------
Melee: Unarmed           |     1 |       ||     1
       Short sword       |    15 |       ||    15
       Dagger            |    40 |   118 ||   158
       Punch             |       |     2 ||     2
 Cast: Sandblast         |    27 |    30 ||    57
  Use: Potion            |       |     2 ||     2
 Stab: Sleeping          |    12 |    12 ||    24
Armor: Robe              |     7 |    21 ||    28
Dodge: Dodged            |    44 |   111 ||   155
